Description

ByuN TvZ Lategame Build Order

Replay - ByuN v GgMaChine - At Eternity's Edge LE

Build Order

Get SALT Encoding   

  8  0:00  SCV  
  9  0:12  SCV  
  10  0:24  SCV  
  11  0:36  SCV  
  11  0:39  Supply Depot  
  12  0:49  SCV  
  13  1:01  SCV  
  14  1:09  Command Center  
  14  1:13  SCV  
  15  1:25  Barracks  
  15  1:29  SCV  
  16  1:35  Refinery  
  16  1:41  SCV  
  17  1:53  SCV  
  19  2:12  Marine  
  20  2:17  Orbital Command x2  
  20  2:29  Marine  
  21  2:43  Command Center  
  22  2:48  Barracks Reactor  
  24  3:02  Barracks  
  25  3:10  Supply Depot  
  27  3:14  Barracks  
  27  3:24  Marine x2  
  33  3:42  Marine x2  
  37  3:49  Barracks Tech Lab  
  37  3:54  Refinery  
  37  3:55  Orbital Command  
  37  4:01  Marine x2  
  41  4:04  Barracks Tech Lab  
  41  4:07  Marine, Stimpack  
  42  4:11  Refinery  
  44  4:20  Marine  
  44  4:22  Combat Shield  
  49  4:29  Supply Depot  
  51  4:37  Factory  
  55  4:46  Engineering Bay x2  
  55  4:51  Supply Depot  
  63  5:08  Refinery  
  63  5:11  Supply Depot  
  63  5:13  Terran Infantry Weapons Level 1, Terran Infantry Armor Level 1  
  66  5:23  Starport, Factory Reactor  
  73  5:37  Barracks x2  
  73  5:47  Armory  
  74  5:52  Orbital Command  
  78  5:59  Barracks Reactor  
  69  6:19  Command Center  
  69  6:28  Medivac x2, Siege Tank  
  81  6:34  Barracks Reactor x2  
  81  6:37  Terran Vehicle Weapons Level 1  
  84  6:54  Factory  
  91  6:59  Refinery x2  
  94  7:09  Terran Infantry Armor Level 2, Terran Infantry Weapons Level 2  
  104  7:33  Medivac x2  
  104  7:34  Siege Tank  
  121  7:50  Factory Tech Lab  
  129  8:02  Barracks x3  
  133  8:07  Siege Tank x2  
  133  8:11  Sensor Tower  
  139  8:14  Planetary Fortress  
  142  8:20  Medivac  
  155  8:53  Command Center, Barracks Tech Lab x3  
  156  8:56  Siege Tank  
  156  9:00  Terran Vehicle Weapons Level 2  
  159  9:04  Siege Tank  
  164  9:16  Command Center x2  
  166  9:28  Refinery  
  166  9:30  Siege Tank  
  170  9:41  Medivac x2  
  181  9:47  Marauder x4, Concussive Shells  
  181  9:49  Terran Infantry Weapons Level 3, Terran Infantry Armor Level 3  
  180  9:55  Armory  
  180  9:59  Refinery, Sensor Tower  
  183  10:01  Command Center  
  183  10:06  Siege Tank x2  
  185  10:20  Command Center x2  
  185  10:24  Ghost Academy, Missile Turret  
  185  10:27  Medivac x2  
  189  10:31  Orbital Command x2  
  192  10:36  Factory  
  192  10:38  Siege Tank  
  168  10:55  Marauder x3  
  177  11:03  Viking x2  
  182  11:05  Personal Cloaking  
  186  11:15  Orbital Command  
  186  11:23  Marauder x2  
  170  11:38  Marauder  
  155  11:40  Factory Tech Lab  
  155  11:56  Command Center  
  180  12:16  Orbital Command x2  
  183  12:28  Sensor Tower  
  166  12:47  Refinery  
  178  13:00  Medivac  
  178  13:02  Terran Vehicle Weapons Level 3  
  178  13:04  Terran Vehicle And Ship Armor Level 1  
  186  13:56  Orbital Command  
  200  14:13  Ghost  
  200  14:16  Missile Turret x2  
  196  14:42  Sensor Tower  
  199  14:57  Missile Turret  
  200  15:09  Missile Turret  
  200  15:26  Planetary Fortress  
  200  15:30  Refinery  
  194  16:08  Barracks  
  191  16:13  Ghost x2  
  197  16:22  Terran Vehicle And Ship Armor Level 2  
  200  16:31  Sensor Tower  
  200  16:35  Planetary Fortress  
  199  16:59  Barracks Tech Lab  
  199  17:04  Sensor Tower  
  199  17:13  Ghost x4  
  177  17:18  Neosteel Armor, Hi-Sec Auto Tracking  
  177  17:24  Ghost  
  185  17:54  Sensor Tower  
  181  18:00  Ghost x2  
  162  18:23  Factory  
  179  19:02  Missile Turret x2  
  167  19:20  Liberator x2  
  176  19:26  Factory Tech Lab  
  176  19:27  Missile Turret x2  
  177  19:33  Missile Turret  
  176  19:50  Sensor Tower  
Spawning Tool Build Advisor. Get it on Overwolf

Go to:

Details

  • Created by: amentini
  • Published on: Aug 01, 2026
  • Modified on: Aug 01, 2026
  • Patch: 5.0.16
  • Difficulty: Hard
Show
View Real Time Build Order
Export as new Build Order

Comments (0)

There are no comments. Be the first!

Create an account to comment!